 Dungeon Crawl Stone Soup version 0.30.1-11-g7821555f0a (webtiles) character file.

Game seed: 6836779437514888904

379 FakeRyeBread the Cleaver (level 6, -6/48 (51) HPs)
             Began as a Hill Orc Fighter on Dec 3, 2023.
             Was an Initiate of Beogh.
             Mangled by a hell rat (16 damage)
             ... in a sewer.
             The game lasted 00:08:54 (3407 turns).

FakeRyeBread the Cleaver (Hill Orc Fighter)         Turns: 3407, Time: 00:08:54

HP:   -6/48 (51)    AC:  6    Str: 21    XL:     6   Next: 74%
MP:   6/6           EV:  8    Int: 14    God:    Beogh [......]
Gold: 192           SH:  7    Dex:  7    Spells: 5/5 levels left

rFire   + + .        a - +0 war axe
rCold   . . .        k - +0 kite shield
rNeg    . . .        b - +0 scale mail
rPois   .            (no helmet)
rElec   .            (no cloak)
rCorr   +            (no gloves)
SInv    .            (no boots)
Will    .....        (no amulet) Stlth
                     l - ring "Wogac" {rF++ Int+6 Dex-3}
HPRegen 0.28/turn    p - ring of resist corrosion
MPRegen 0.10/turn

%: no passive effects
@: drained
A: no striking features
a: Renounce Religion


You were in a sewer.
You worshipped Beogh.
Beogh was noncommittal.
You visited 1 branch of the dungeon, and saw 5 of its levels.
You also visited: Sewer.

You collected 192 gold pieces.

Inventory:

Hand Weapons
 a - a +0 war axe (weapon)
Missiles
 h - 5 boomerangs
 i - 2 throwing nets (quivered)
Armour
 b - a +0 scale mail (worn)
 k - a +0 kite shield (worn)
Jewellery
 l - the ring "Wogac" (left hand) {rF++ Int+6 Dex-3}
   (You found it on level 2 of the Dungeon)

   [ring of intelligence]

   Int:       It affects your intelligence (+6).
   Dex:       It affects your dexterity (-3).
   rF:        It greatly protects you from fire.
 p - a ring of resist corrosion (right hand)
Scrolls
 o - a scroll of teleportation
 r - a scroll of amnesia
Potions
 c - 3 potions of mutation
 d - 5 potions of might
 e - 3 potions of heal wounds {unknown}
 f - 2 potions of brilliance {unknown}
 g - a potion of curing {unknown}
 j - a potion of resistance {unknown}
 m - a potion of lignification {unknown}
 n - 3 potions of flight {unknown}
 q - a potion of ambrosia {unknown}


   Skills:
 - Level 3.6 Fighting
 * Level 9.1 Axes
 - Level 3.2 Armour
 - Level 3.2 Shields
 + Level 1.1 Invocations


You had 5 spell levels left.
You didn't know any spells.
Your spell library contained the following spells:

 Spells                   Type           Power      Damage    Failure   Level
 Lesser Beckoning         Tloc           0%         N/A       95%         2
 Gell's Gravitas          Tloc           0%         N/A       99%         3
 Teleport Other           Tloc           0%         N/A       99%         3
 Vhi's Electric Charge    Tloc/Air       0%         N/A       99%         3
 Arcjolt                  Conj/Air       0%         1d10      100%        5
 Maxwell's Capacitive Co  Air            0%         ∞         100%        8


Dungeon Overview and Level Annotations

Branches:
Dungeon (5/15)             Temple (0/1) D:4           Sewer (1/1)

Altars:
Xom

Annotations:
D:1 1 transporter


Message History

You open the door.
A hell rat comes into view.
Found six items.
Found a gate leading back out of this place.
There is an open door here.
You slash the hell rat!
The hell rat is heavily wounded.
The hell rat twitches its whiskers.
The hell rat barely misses you. The hell rat closely misses you.
You closely miss the hell rat.
The hell rat is heavily wounded.
You block the hell rat's attack.
You closely miss the hell rat.
The hell rat is heavily wounded.
You block the hell rat's attack. The hell rat barely misses you.
You hit the hell rat but do no damage.
The hell rat is heavily wounded.
The hell rat bites you but does no damage.
You barely miss the hell rat.
The hell rat is heavily wounded.
The hell rat bites you!
You hit the hell rat but do no damage.
The hell rat is heavily wounded.
The hell rat splashes around in the water.
The hell rat bites you!
You feel drained.
You are too injured to fight recklessly!
You are too injured to fight recklessly!
You are too injured to fight recklessly!
You are too injured to fight recklessly!
You completely miss the hell rat.
The hell rat is heavily wounded.
The hell rat bites you!
You hit the hell rat but do no damage.
The hell rat is heavily wounded.
The hell rat bites you!
* * * LOW HITPOINT WARNING * * *
You feel drained.
* * * LOW HITPOINT WARNING * * *
The hell rat bites you!
You die...

###..~###
#...~~~~#
##~.....~##
#..~###.~~#
##~~##~##..##
#††~#~~~#.~~#
#.~##!.~##..#
#~~#!!~~~#~~#
#∩∩#∩?~~r@~.#
#~.#?!~~.#~~#
#~~##?.~##~.#
#~~~#... ~~~#
##~~##. ~.##
~.~## .~~#
#.~~ .~##
.......


You could see a hell rat.

Vanquished Creatures
  A black bear (D:3)
  A jelly (D:4)
  Ijyb (D:5)
  A sleepcap (D:4)
  Jessica (D:3)
  3 gnolls (D:4)
  5 adders
  A river rat (Sewer)
  2 worms
  3 dart slugs
  An orc (D:3)
  5 ball pythons
  5 endoplasms
  5 giant cockroaches
  8 hobgoblins
  4 jackals (D:1)
  5 kobolds
  4 quokkas
  7 bats
  9 frilled lizards
  7 goblins
  9 rats
88 creatures vanquished.

Notes
Turn   | Place    | Note
-------+----------+-------------------------------------------
     0 | D:1      | FakeRyeBread the Hill Orc Fighter began the quest for the
                  | Orb.
     0 | D:1      | Reached XP level 1. HP: 19/19 MP: 1/1
    93 | D:1      | Reached skill level 3 in Axes
   133 | D:1      | Reached XP level 2. HP: 25/26 MP: 2/2
   152 | D:1      | Reached skill level 4 in Axes
   223 | D:1      | Reached XP level 3. HP: 24/31 MP: 3/3
   259 | D:1      | Found a faded altar of an unknown god.
   336 | D:1      | Reached skill level 5 in Axes
   738 | D:2      | Found a shimmering altar of Xom.
   901 | D:2      | Identified the ring "Wogac" {rF++ Int+6 Dex-3}
  1007 | D:2      | Reached XP level 4. HP: 4/39 MP: 4/4
  1172 | D:2      | Reached skill level 6 in Axes
  1880 | D:3      | Noticed Jessica
  1884 | D:3      | Killed Jessica
  1885 | D:3      | Reached skill level 7 in Axes
  1885 | D:3      | Reached XP level 5. HP: 45/45 MP: 5/5
  1944 | D:3      | Noticed a black bear
  1955 | D:3      | Killed a black bear
  1956 | D:3      | Reached skill level 8 in Axes
  1956 | D:3      | Reached XP level 6. HP: 19/51 MP: 6/6
  2429 | D:4      | Found a staircase to the Ecumenical Temple.
  2647 | D:4      | Became a worshipper of Beogh the Brigand
  3002 | D:5      | Entered Level 5 of the Dungeon
  3059 | D:5      | Noticed Ijyb
  3084 | D:5      | Killed Ijyb
  3085 | D:5      | Reached skill level 9 in Axes
  3310 | D:5      | Found a glowing drain.
  3323 | Sewer    | Entered a sewer
  3327 | Sewer    | Reached skill level 1 in Invocations
  3407 | Sewer    | Mangled by a hell rat

Illustrated notes

Levels and vault maps discovered:
D:1:      spicycebolla_arrival_risky_transporter, layout_rooms,
          hellmonk_ecumenical_altar_run_dry, chequers_serial_rivers_large_a
D:2:      layout_basic, basic_altar, hangedman_decor_lopped
D:3:      layout_rooms, uniq_jessica
D:4:      layout_basic, minmay_temple_entry_waves
D:5:      layout_basic, gammafunk_temple_overflow_statue, portal_sewer_entry_d,
          minmay_joined_circles, uniq_pikel, uniq_ijyb
Sewer:    sewer_hellmonk_bad_rat

Skill      XL: |  1  2  3  4  5  6 |
---------------+-------------------+-----
Axes           | 3 4 5 7 8 9 |  9.1
Invocations    | 1 |  1.1
Fighting       | |  3.6
Armour         | |  3.2
Shields        | |  3.2

Action                     |  1- 3 |  4- 6 || total
---------------------------+-------+-------++-------
  Melee: War axe           |   120 |   154 ||   274
         Unarmed           |       |     9 ||     9
 Invoke: Convert to Beogh  |       |     1 ||     1
    Use: Scroll            |       |     4 ||     4
 Armour: Scale mail        |    53 |    45 ||    98
         Skin              |       |     2 ||     2
  Dodge: Dodged            |    57 |    43 ||   100
  Block: Buckler           |    23 |       ||    23
         Kite shield       |    18 |    65 ||    83
